[Event "20th Dubai Open 2018"]
[Site "Dubai"]
[Date "2018.04.03"]
[Round "1"]
[White "Berezina, Irina"]
[Black "Karthikeyan Pandiyan"]
[Result "0-1"]
[ECO "A14"]
[WhiteElo "2082"]
[BlackElo "1422"]
[Annotator "NA RC"]
[PlyCount "73"]
[EventDate "2018.??.??"]
[EventType "swiss"]
[EventCountry "UAE"]
[SourceTitle "playchess.com"]
[Source "ChessBase"]
[SourceQuality "1"]
[TimeControl "5400+30"]

1. Nf3 e6 2. c4 Nf6 3. g3 d5 4. Bg2 c6 5. b3 Nbd7 6. Bb2 Be7 7. O-O O-O 8. d3 b6 9. Qc2 Bb7 10. e4 c5 11. cxd5 exd5 12. Nh4 g6 13. Nd2 Nh5 14. Nhf3 Bf6 15. Rfe1 Bxb2 16. Qxb2 Qf6 17. e5 Qe7 18. b4 Rab8 19. bxc5 Nxc5 20. Qa3 d4 21. Nb3 Rfd8 22. Nxc5 Bxf3 23. Bxf3 bxc5 24. Rac1 Rb4 25. Qa5 Rb2 26. e6 fxe6 27. Rxe6 Qg5 28. Qxc5 Qxc5 29. Rxc5 Rxa2 30. Bd5 Ra1+ 31. Re1+ Rxd5 32. Rc8+ Kf7 33. Rxa1 a5 34. Ra8 Nf6 35. R1xa5 Rxa5 36. Rxa5 Ke6 37. Kg2 {[%emt 0:00:37] Kd5 [%clk 0:05:58]} 0-1

[Event "20th Dubai Open 2018"]
[Site "Dubai"]
[Date "2018.04.04"]
[Round "3"]
[White "Omar, Noaman"]
[Black "Ma, Lin"]
[Result "1/2-1/2"]
[ECO "D85"]
[WhiteElo "2372"]
[BlackElo "2156"]
[Annotator "NA"]
[PlyCount "65"]
[EventDate "2018.??.??"]
[EventType "swiss"]
[EventCountry "UAE"]
[SourceTitle "playchess.com"]
[Source "ChessBase"]
[SourceQuality "1"]
[TimeControl "5400+30"]

1. d4 Nf6 2. c4 g6 3. Nc3 d5 4. cxd5 Nxd5 5. e4 Nxc3 6. bxc3 Bg7 7. Nf3 c5 8. Be3 {[%emt 0:00:09] LiveBook: 1694 Games} Qa5 9. Bd2 O-O 10. h3 Rd8 11. Bc4 Nc6 12. O-O Qc7 13. Rc1 ({Don't play} 13. dxc5 Na5 $15) 13... b6 14. d5 Na5 15. Be2 c4 $14 16. Bg5 f5 17. e5 Bb7 18. d6 exd6 19. Bxd8 Rxd8 20. e6 Qe7 21. Nd4 d5 22. Re1 Nc6 23. Nxc6 Bxc6 24. Bf3 Rd6 25. Qd2 Bf6 26. Rcd1 Kg7 27. g3 Bg5 28. Qd4+ Bf6 29. Qe3 Bg5 30. Qe2 Bf6 31. Rc1 Bg5 32. Rcd1 Bf6 33. Qe3 1/2-1/2

[Event "20th Dubai Open 2018"]
[Site "Dubai"]
[Date "2018.04.04"]
[Round "3"]
[White "Dimarucut, Francis Erwin"]
[Black "Tissir, Mohamed"]
[Result "0-1"]
[ECO "A01"]
[WhiteElo "2107"]
[BlackElo "2381"]
[Annotator "NA"]
[PlyCount "64"]
[EventDate "2018.??.??"]
[EventType "swiss"]
[EventCountry "UAE"]
[SourceTitle "playchess.com"]
[Source "ChessBase"]
[SourceQuality "1"]
[TimeControl "5400+30"]

1. b3 e5 2. Bb2 Nc6 3. e3 a6 4. Nf3 e4 5. Nd4 Nf6 6. Nxc6 dxc6 7. Be2 Bd6 8. Nc3 Qe7 9. d3 exd3 10. Bxd3 O-O 11. Qd2 b5 12. a4 Rb8 13. h3 Re8 14. g4 Bb4 15. g5 $19 (15. Kf1 $17) 15... Nd5 16. Kf1 Qc5 17. Ne4 Rxe4 18. c3 Nxe3+ 19. fxe3 Qxe3 20. Qxe3 Rxe3 21. Bxh7+ Kxh7 22. cxb4 Rxb3 23. Be5 Rxb4 24. axb5 cxb5 25. Kf2 Bb7 26. Rhc1 Re8 27. Rxc7 Bd5 28. g6+ Kxg6 29. Rxa6+ f6 30. Bc3 Rf4+ 31. Kg3 Rf3+ 32. Kg4 Rfe3 0-1

[Event "20th Dubai Open 2018"]
[Site "Dubai"]
[Date "2018.04.05"]
[Round "4"]
[White "Arjun, Kalyan"]
[Black "Bharath, Subramaniyam H"]
[Result "1-0"]
[ECO "B42"]
[WhiteElo "2397"]
[BlackElo "1997"]
[Annotator "NA"]
[PlyCount "79"]
[EventDate "2018.??.??"]
[EventType "swiss"]
[EventCountry "UAE"]
[SourceTitle "playchess.com"]
[Source "ChessBase"]
[SourceQuality "1"]
[TimeControl "5400+30"]

1. e4 c5 2. Nf3 e6 3. d4 cxd4 4. Nxd4 a6 5. Bd3 Nf6 6. O-O d6 7. Qe2 Be7 8. c4 b6 9. Nc3 Bb7 10. f4 O-O 11. Kh1 Nbd7 12. Bd2 Qc7 13. f5 e5 14. Nb3 Nc5 15. Nxc5 dxc5 16. g4 h6 17. g5 hxg5 18. Bxg5 $16 b5 19. Rg1 Rfd8 20. Rg3 bxc4 21. Bc2 Qc6 22. Rag1 Rd4 23. Bh4 Bf8 24. Bxf6 Qxf6 25. Qh5 Bd6 26. Rxg7+ Qxg7 27. f6 Qxg1+ 28. Kxg1 Bc6 29. Nd5 Bxd5 30. exd5 e4 31. Qg5+ Kf8 32. Ba4 Rd1+ 33. Bxd1 Ke8 34. Qg8+ Kd7 35. Qxa8 e3 36. Ba4+ Kc7 37. Qc6+ Kb8 38. Qxd6+ Ka7 39. Qc7+ Ka8 40. Bc6# 1-0

[Event "20th Dubai Open 2018"]
[Site "Dubai"]
[Date "2018.04.05"]
[Round "4"]
[White "Bubalovic, Davorin"]
[Black "Tania, Sachdev"]
[Result "0-1"]
[ECO "C54"]
[WhiteElo "2187"]
[BlackElo "2407"]
[Annotator "NA"]
[PlyCount "123"]
[EventDate "2018.??.??"]
[EventType "swiss"]
[EventCountry "UAE"]
[SourceTitle "playchess.com"]
[Source "ChessBase"]
[SourceQuality "1"]
[TimeControl "5400+30"]

1. e4 e5 2. Nf3 Nc6 3. Bc4 Bc5 4. c3 Nf6 5. d3 d6 6. O-O O-O 7. Bb3 a5 8. Re1 h6 9. Nbd2 Be6 10. Nf1 Ba7 11. Be3 Re8 12. Bxa7 Rxa7 13. Ng3 b5 14. d4 Bg4 15. Bd5 Ne7 16. dxe5 Nexd5 17. exf6 Nxf6 18. h3 Bc8 19. Nd4 Bd7 20. Qd3 Rb7 21. Rad1 Rb6 22. f4 Nh7 23. Ndf5 Bxf5 24. Nxf5 Qf6 25. Qg3 Nf8 26. Qf3 Ne6 27. g3 Rbb8 28. h4 Nc5 29. g4 Qe6 30. Nd4 Qxa2 31. g5 h5 32. Qxh5 Rxe4 33. Rxe4 Nxe4 34. g6 Nf6 35. gxf7+ Qxf7 36. Qf5 Nh5 37. Qg4 Nf6 38. Qf5 Qh5 39. Qxh5 Nxh5 40. f5 b4 41. Ra1 bxc3 42. bxc3 c5 43. Ne2 Ra8 44. Kf2 a4 45. c4 a3 46. Nc3 Ra6 47. Ke3 Kf7 48. Nb5 a2 49. Nc3 Ra3 50. Kd2 Ng3 51. Kc2 Nxf5 52. Kb2 Ra8 53. Nxa2 Rb8+ 54. Kc2 Nd4+ 55. Kd3 Rh8 56. Rh1 Nf5 57. Rf1 g6 58. Nc3 Rxh4 59. Rf3 Rd4+ 60. Ke2 Rxc4 61. Kf2 Ke6 62. Nb1 0-1

[Event "20th Dubai Open 2018"]
[Site "Dubai"]
[Date "2018.04.07"]
[Round "5"]
[White "Tania, Sachdev"]
[Black "Ma, Lin"]
[Result "1/2-1/2"]
[ECO "D80"]
[WhiteElo "2407"]
[BlackElo "2156"]
[Annotator "NA"]
[PlyCount "44"]
[EventDate "2018.??.??"]
[EventType "swiss"]
[EventCountry "UAE"]
[SourceTitle "playchess.com"]
[Source "ChessBase"]
[SourceQuality "1"]
[TimeControl "5400+30"]

1. d4 Nf6 2. c4 g6 3. Nc3 d5 4. Bg5 Ne4 5. Bh4 Nxc3 6. bxc3 dxc4 7. e3 Be6 8. Be2 Bg7 9. Nh3 Bxh3 10. gxh3 Qd7 11. Bg4 e6 12. Rb1 c6 13. a4 Na6 14. a5 O-O 15. O-O h5 $11 16. Be2 e5 17. Bxc4 Qxh3 18. Be7 Rfe8 19. Rxb7 Rab8 20. Rxb8 Rxb8 21. Re1 Nc7 22. Bd6 Rb2 1/2-1/2

[Event "20th Dubai Open 2018"]
[Site "Dubai"]
[Date "2018.04.07"]
[Round "5"]
[White "Rajdeep Sarkar"]
[Black "Makropoulou, Marina"]
[Result "1-0"]
[ECO "D78"]
[WhiteElo "2393"]
[BlackElo "2167"]
[Annotator "NA"]
[PlyCount "118"]
[EventDate "2018.??.??"]
[EventType "swiss"]
[EventCountry "UAE"]
[SourceTitle "playchess.com"]
[Source "ChessBase"]
[SourceQuality "1"]
[TimeControl "5400+30"]

1. Nf3 d5 2. g3 Nf6 3. Bg2 g6 4. O-O Bg7 5. d4 O-O 6. c4 c6 7. Nbd2 b6 8. b3 Bb7 9. Bb2 {[%emt 0:00:10] LiveBook: 10 Games} Nbd7 10. Qc2 e6 {[%emt 0:00:58] A11: English Opening: 1...c6} 11. Rac1 (11. e4 dxe4 12. Nxe4 Qc7 13. Nxf6+ Nxf6 14. Ne5 Rad8 {1-0 (58) Kramnik,V (2812)-Caruana,F (2804) Paris 2016}) 11... a5 $146 ({Find the theoretical novelty and annotate with similar games:} 11... Rc8) 12. a3 Qe7 13. e4 Nxe4 14. Nxe4 dxe4 15. Qxe4 Rab8 16. Qe2 c5 17. Rcd1 Rfd8 18. d5 Bxb2 19. Qxb2 exd5 20. cxd5 Qf6 21. Qe2 $14 Re8 22. Qb5 Rbd8 23. Nd2 Nb8 24. Ne4 Rxe4 25. Bxe4 Ba6 26. Qa4 Bxf1 27. Rxf1 Kg7 28. Bg2 Nd7 29. h4 h5 30. Re1 Qd6 31. Qc4 Nf6 32. Bf3 Re8 33. Rd1 Re5 34. Qb5 Rf5 35. Qc6 Qe5 36. d6 Qc3 37. Kg2 Nd7 38. Qe4 Qxb3 39. Rd3 Qc2 40. Re3 Qxe4 41. Bxe4 Rf6 42. Rd3 Kf8 43. f4 Ke8 44. Bc6 Kd8 45. Bb5 Rf5 46. Rd2 Nf6 47. Kf3 Rd5 48. Rxd5 Nxd5 49. Bc4 Nf6 50. Bxf7 Kd7 51. Bxg6 c4 52. Ke3 b5 53. Kd4 Kxd6 54. Bc2 Nd5 55. a4 bxa4 56. Bxa4 c3 57. Bb3 Ne7 58. Bc2 a4 59. Kxc3 Kd5 1-0

[Event "20th Dubai Open 2018"]
[Site "Dubai"]
[Date "2018.04.07"]
[Round "5"]
[White "Sadhwani, Raunak"]
[Black "Afshari, Mohammadreza"]
[Result "1-0"]
[ECO "C50"]
[WhiteElo "2358"]
[BlackElo "2165"]
[Annotator "NA"]
[PlyCount "73"]
[EventDate "2018.??.??"]
[EventType "swiss"]
[EventCountry "UAE"]
[SourceTitle "playchess.com"]
[Source "ChessBase"]
[SourceQuality "1"]
[TimeControl "5400+30"]

1. e4 e5 2. Nf3 Nc6 3. Bc4 Bc5 4. O-O Nf6 5. d3 O-O 6. a4 {[%emt 0:00:09] C50: Hungarian Defence and Giuoco Pianissimo} (6. c3 d5 7. exd5 Nxd5 8. Re1 Be6 9. Nbd2 Bd6 10. Ne4 h6 11. b4 a6 12. a4 Re8 13. Qb3 Nf6 14. Bxe6 Rxe6 15. Be3 Ne7 16. Rad1 {1-0 (25) Kramnik,V (2800)-Anand,V (2776) Moscow 2018}) 6... d5 7. exd5 Nxd5 8. Re1 Bg4 $146 ({Predecessor:} 8... Re8 9. h3 Bf5 10. Nbd2 a6 11. Ne4 Bf8 12. Bg5 Qd7 13. Ng3 Be6 {0-1 (72) Paehtz,E (2463)-Zhao,X (2504) Doha 2016}) 9. h3 Bh5 10. Nbd2 Re8 11. Ne4 Bf8 12. Ng3 Bg6 13. c3 a6 14. a5 Nf6 (14... b5 $11 15. axb6 Nxb6) 15. Nh4 Qd7 16. Bg5 Be7 17. Nxg6 hxg6 18. Qb3 Rf8 19. Be3 Rab8 20. Red1 Bd6 21. Bg5 Nh7 22. Be3 Nf6 23. Qc2 Rbd8 $16 (23... Ne7 $1 $14) 24. b4 Qc8 25. Ne4 Nxe4 26. dxe4 Be7 27. Rdb1 Nb8 28. b5 c5 29. Bd5 Rd7 30. Qb2 Rfd8 31. c4 Rc7 32. Ra3 axb5 33. cxb5 c4 34. Rc3 Rxd5 35. exd5 Qd7 36. Qa2 Qxd5 37. a6 1-0

[Event "20th Dubai Open 2018"]
[Site "Dubai"]
[Date "2018.04.07"]
[Round "5"]
[White "Urazayev, Arystanbek"]
[Black "Minko, Dmitry"]
[Result "1-0"]
[ECO "C65"]
[WhiteElo "2331"]
[BlackElo "2145"]
[Annotator "NA"]
[PlyCount "115"]
[EventDate "2018.??.??"]
[EventType "swiss"]
[EventCountry "UAE"]
[SourceTitle "playchess.com"]
[Source "ChessBase"]
[SourceQuality "1"]
[TimeControl "5400+30"]

1. e4 e5 2. Nf3 Nc6 3. Bb5 Nf6 4. d3 Ne7 5. Bc4 c6 6. Nc3 Ng6 7. h4 h5 8. Bg5 d6 9. Qd2 Be7 10. Bb3 Qc7 11. Ne2 Bg4 12. Ng3 Qd7 13. Ng1 d5 14. N1e2 $11 Be6 15. Rd1 O-O-O 16. exd5 Bxd5 17. Bxd5 Nxd5 18. Bxe7 Ndxe7 19. Qa5 b6 20. Qa6+ Kb8 21. Qc4 Qd5 22. Qxd5 cxd5 23. d4 e4 24. Nf1 Nf5 25. g3 Rc8 26. c3 Kc7 27. Ne3 Nge7 28. Rf1 Kd6 29. Nc2 g6 30. Kd2 b5 31. Ra1 a5 32. a4 Rb8 33. axb5 Rxb5 34. b4 Nc6 35. Na3 Rb6 36. b5 Na7 37. c4 Rb7 38. c5+ Ke7 39. Rfb1 Rhb8 40. b6 Nc6 41. Nb5 Ra8 42. Ra4 f6 43. Nf4 Kf7 44. Nxd5 Rd8 45. Ndc7 Ncxd4 46. Nxd4 Nxd4 47. Ke3 Nc6 48. Rxe4 Rd7 49. Nb5 Rb8 50. Nd6+ Kg7 51. f4 Ne7 52. Kf3 Nc6 53. Rbe1 f5 54. Re8 Rdd8 55. Rxd8 Rxd8 56. Kf2 a4 57. b7 Nb4 58. Re8 1-0

[Event "20th Dubai Open 2018"]
[Site "Dubai"]
[Date "2018.04.07"]
[Round "5"]
[White "Abou El Zein, Eid Mahmoud"]
[Black "Padmini, Rout"]
[Result "0-1"]
[ECO "A46"]
[WhiteElo "2156"]
[BlackElo "2360"]
[Annotator "NA"]
[PlyCount "136"]
[EventDate "2018.??.??"]
[EventType "swiss"]
[EventCountry "UAE"]
[SourceTitle "playchess.com"]
[Source "ChessBase"]
[SourceQuality "1"]
[TimeControl "5400+30"]

1. d4 Nf6 2. Nf3 e6 3. e3 d5 4. Nbd2 b6 5. Ne5 Bb7 6. Bd3 Bd6 7. f4 O-O 8. Qf3 Ba6 9. g4 Bxd3 10. Nxd3 Nc6 11. g5 Nd7 12. h4 Ne7 13. Nf1 Nf5 14. Ng3 Nxg3 15. Qxg3 c5 16. c3 f5 17. O-O b5 $11 18. Bd2 a5 19. Rfc1 Qe7 20. Qf3 Nb6 21. Be1 c4 22. Nf2 b4 23. Rab1 a4 24. cxb4 Bxb4 25. Bxb4 Qxb4 26. Qd1 Qd6 27. Rc3 Rfb8 28. Qc2 Qb4 29. a3 Qe7 30. Nd1 Nc8 31. Qe2 Nd6 32. Rc2 Ne4 33. Nc3 Rb3 34. Nxe4 fxe4 35. Rd1 Rab8 36. Rdd2 Qf7 37. Kf2 Qf5 38. Kg3 h5 39. Rc3 Rxc3 40. bxc3 Qf7 41. Rb2 Rb3 42. Rxb3 axb3 43. a4 Qe8 44. Qd1 Qxa4 45. Qxh5 b2 46. g6 b1=Q 47. Qh7+ Kf8 48. Qh8+ Ke7 49. Qxg7+ Kd6 50. Qf8+ Kc7 51. g7 Qg1+ 52. Kh3 Qxe3+ 53. Kg4 Qd1+ 54. Kg5 Qg3+ 55. Kf6 Qxf4+ 56. Ke7 Qd6+ 57. Kf7 Qf3+ 58. Kg8 Qdxf8+ 59. gxf8=Q Qxf8+ 60. Kxf8 e3 61. h5 e2 62. h6 e1=Q 63. h7 Qh4 64. Kg7 Qg5+ 65. Kh8 Qf6+ 66. Kg8 Qg6+ 67. Kh8 e5 68. dxe5 Qf7 0-1

[Event "20th Dubai Open 2018"]
[Site "Dubai"]
[Date "2018.04.07"]
[Round "5"]
[White "Llopis De Aysa, Manuel"]
[Black "Kulkarni Bhakti"]
[Result "0-1"]
[ECO "D04"]
[WhiteElo "2147"]
[BlackElo "2317"]
[Annotator "NA"]
[PlyCount "156"]
[EventDate "2018.??.??"]
[EventType "swiss"]
[EventCountry "UAE"]
[SourceTitle "playchess.com"]
[Source "ChessBase"]
[SourceQuality "1"]
[TimeControl "5400+30"]

1. d4 d5 2. Nf3 Nf6 3. e3 Bg4 4. h3 Bxf3 5. Qxf3 e6 {[%emt 0:00:27] D04: Colle System} 6. Bd3 (6. c4 Bb4+ 7. Bd2 Bxd2+ 8. Nxd2 O-O 9. cxd5 exd5 10. Bd3 c6 11. O-O Qe7 12. Rfc1 Nbd7 13. Rc3 {0-1 (68) Bayer,B (2430)-Nisipeanu,L (2687) Austria 2017}) 6... c5 7. Bb5+ $146 ({Predecessor:} 7. c3 Nc6 8. Nd2 Bd6 9. O-O O-O 10. Qe2 e5 11. dxc5 Bxc5 12. e4 Re8 13. exd5 Nxd5 {1-0 (59) Harmatosi,J (2252)-Heyl,T (2091) Budapest 2006}) 7... Nc6 8. O-O {[%emt 0:04:37] LiveBook: 592 Games} a6 9. Bxc6+ bxc6 10. c4 Be7 11. Nc3 O-O 12. Rd1 Qc7 13. Qe2 Rfd8 14. b3 cxd4 15. exd4 c5 16. dxc5 Qxc5 17. Na4 Qa7 18. cxd5 Nxd5 19. Bb2 Bf6 20. Bxf6 Nxf6 21. Rxd8+ Rxd8 22. Rc1 h6 23. Rc5 Qb7 24. Nc3 Rd4 25. Rc4 Qd7 26. Rxd4 Qxd4 27. Qc2 a5 28. g3 h5 29. Ne2 Qe5 30. h4 Nd5 31. Qd2 Qe4 32. Kh2 g6 33. Kg1 Kh7 34. Kh2 e5 35. Kg1 Nb4 36. Nc3 Qd4 37. Qe3 Nc2 38. Qf3 Kg7 39. Ne4 Qb6 40. Ng5 f6 41. Ne4 Qc6 42. Qe2 Nd4 43. Qd3 Qd5 44. Nd2 f5 45. Kh2 Qc5 46. Qc4 Nxb3 47. Qxc5 Nxc5 48. Nc4 Nd3 49. Kg2 a4 50. Kf1 Kf6 51. Nb6 a3 52. Nc4 Nb4 53. Nxa3 Nxa2 54. Nb5 Nb4 55. Ke2 Nd5 56. Nd6 Ke6 57. Nc4 Nb4 58. f3 Kd5 59. Nb6+ Kd4 60. Nd7 Nd5 61. Nf8 Ne7 62. Ne6+ Kd5 63. Nf8 f4 64. gxf4 exf4 65. Kd3 Ke5 66. Ke2 Kf6 67. Kf2 Nf5 68. Nd7+ Ke7 $19 69. Nc5 Nxh4 70. Nd3 g5 71. Nc5 Kf6 72. Nd3 Kf5 73. Nb4 g4 74. fxg4+ hxg4 75. Nd3 g3+ 76. Kf1 f3 77. Nc5 Ng6 78. Kg1 Nf4 0-1

[Event "20th Dubai Open 2018"]
[Site "Dubai"]
[Date "2018.04.07"]
[Round "6"]
[White "Zhu, Yilun"]
[Black "Tania, Sachdev"]
[Result "1-0"]
[ECO "C91"]
[WhiteElo "2195"]
[BlackElo "2407"]
[Annotator "NA"]
[PlyCount "65"]
[EventDate "2018.??.??"]
[EventType "swiss"]
[EventCountry "UAE"]
[SourceTitle "playchess.com"]
[Source "ChessBase"]
[SourceQuality "1"]
[TimeControl "5400+30"]

1. e4 e5 2. Nf3 Nc6 3. Bb5 a6 4. Ba4 Nf6 5. O-O b5 6. Bb3 Be7 7. Re1 d6 8. c3 O-O 9. d4 Bg4 10. Be3 exd4 11. cxd4 Na5 12. Bc2 d5 13. e5 Ne4 14. Nbd2 Nxd2 15. Qxd2 Nc4 16. Qd3 g6 17. Bh6 Re8 18. b3 Na3 19. Bd1 c5 20. dxc5 Bxc5 21. Rc1 Bf5 22. Qd2 Qb6 23. Qb2 Bb4 24. e6 d4 25. exf7+ Kxf7 26. Ng5+ Kg8 27. Bf3 Bxe1 28. Bd5+ Kh8 29. Nf7+ Kg8 30. Ng5+ Kh8 31. Rc7 Be6 32. Nxe6 Rxe6 33. Bxe6 1-0

[Event "20th Dubai Open 2018"]
[Site "Dubai"]
[Date "2018.04.07"]
[Round "6"]
[White "Ma, Lin"]
[Black "Rajdeep Sarkar"]
[Result "0-1"]
[ECO "A04"]
[WhiteElo "2156"]
[BlackElo "2393"]
[Annotator "NA"]
[PlyCount "78"]
[EventDate "2018.??.??"]
[EventType "swiss"]
[EventCountry "UAE"]
[SourceTitle "playchess.com"]
[Source "ChessBase"]
[SourceQuality "1"]
[TimeControl "5400+30"]

1. Nf3 e6 2. g3 b5 3. Bg2 Bb7 4. d4 Nf6 5. O-O c5 6. b3 cxd4 7. Nxd4 Bxg2 8. Kxg2 Qb6 9. Bb2 Nc6 10. e3 Be7 11. Nd2 d5 12. Qe2 a6 13. N2f3 O-O 14. a4 b4 15. c3 bxc3 16. Bxc3 Ne4 17. Nxc6 Qxc6 18. Bd4 Qb7 19. Qd3 f6 20. Rac1 e5 21. Bb6 Rfc8 22. Rfd1 Bb4 23. Qxd5+ Qxd5 24. Rxc8+ Rxc8 25. Rxd5 Rc2 26. Kg1 Rxf2 27. Nd4 Rb2 28. Rd8+ Kf7 29. Rd7+ Kg6 30. Nc6 Bc3 31. a5 Ng5 32. Ne7+ Kh5 33. Nd5 Nf3+ 34. Kf1 Nxh2+ 35. Kg1 Be1 36. e4 Kg4 37. Rxg7+ Kf3 38. Rf7 Ng4 39. Nxf6 Bf2+ 0-1

[Event "20th Dubai Open 2018"]
[Site "Dubai"]
[Date "2018.04.08"]
[Round "7"]
[White "Tania, Sachdev"]
[Black "Minko, Dmitry"]
[Result "1-0"]
[ECO "D37"]
[WhiteElo "2407"]
[BlackElo "2145"]
[Annotator "NA RC"]
[PlyCount "63"]
[EventDate "2018.??.??"]
[EventType "swiss"]
[EventCountry "UAE"]
[SourceTitle "playchess.com"]
[Source "ChessBase"]
[SourceQuality "1"]
[TimeControl "5400+30"]

1. d4 Nf6 2. c4 e6 3. Nf3 d5 4. Nc3 Be7 5. Qc2 O-O 6. cxd5 exd5 7. Bf4 c6 {[%emt 0:02:13] LiveBook: 31 Games} 8. h3 Nbd7 9. e3 Re8 10. Bd3 Nf8 11. O-O-O a5 12. Kb1 a4 13. g4 a3 14. b3 Bb4 15. Ne5 $11 N6d7 16. Bg3 Nxe5 17. dxe5 Ra5 18. Na4 Qe7 19. Rc1 c5 20. Nc3 Be6 21. Ka1 c4 22. bxc4 dxc4 23. Be4 Rd8 24. Rhd1 Bxc3+ 25. Qxc3 Rxd1 26. Rxd1 Rb5 27. f4 Rb2 28. f5 Bd7 29. e6 fxe6 30. Bd6 Qf6 31. Qxf6 gxf6 32. Bxa3 1-0

[Event "20th Dubai Open 2018"]
[Site "Dubai"]
[Date "2018.04.09"]
[Round "8"]
[White "Arjun, Kalyan"]
[Black "Priyanka Nutakki"]
[Result "1-0"]
[ECO "C18"]
[WhiteElo "2397"]
[BlackElo "1957"]
[Annotator "NA RC"]
[PlyCount "73"]
[EventDate "2018.??.??"]
[EventType "swiss"]
[EventCountry "UAE"]
[SourceTitle "playchess.com"]
[Source "ChessBase"]
[SourceQuality "1"]
[TimeControl "5400+30"]

1. e4 e6 2. d4 d5 3. Nc3 Bb4 4. e5 c5 5. a3 Bxc3+ 6. bxc3 Ne7 7. Qg4 Qc7 8. Bd3 cxd4 9. Ne2 dxc3 10. Qxg7 Rg8 11. Qxh7 Qxe5 {[%emt 0:00:08] C18: French: 3 Nc3 Bb4: Main line: 7 h4 and 7 Qg4} 12. h4 (12. Bf4 Qf6 13. h4 Rxg2 14. Kf1 Rg8 15. Rg1 Rh8 16. Bg5 Rxh7 17. Bxf6 Rh6 18. Bg5 Rh8 19. Bf6 Rh6 20. Bg5 Rh8 21. Bf6 {½-½ (21) Leko,P (2728)-Shirov,A (2713) Saratov 2011}) 12... Nd7 13. Bf4 Qf6 14. Bg5 Qh8 15. Qxh8 Rxh8 16. Nxc3 a6 17. O-O-O f6 18. Be3 Kf7 19. h5 $146 ({Find the theoretical novelty and annotate with similar games:} 19. f4) 19... Ne5 20. Be2 b5 21. f4 Nc4 22. Bxc4 bxc4 23. Bc5 Bb7 24. Ne4 $14 Nf5 25. g4 Bc8 26. Nc3 Nh6 27. Rhg1 Rg8 28. g5 Nf5 29. Ne2 Bd7 30. Nd4 Rh8 31. Nxf5 exf5 32. Rxd5 Be6 33. Rd6 fxg5 34. fxg5 Rxh5 35. g6+ Kf6 36. Re1 Re8 37. Bd4+ 1-0

[Event "20th Dubai Open 2018"]
[Site "Dubai"]
[Date "2018.04.10"]
[Round "9"]
[White "Tania, Sachdev"]
[Black "Kavinda, Akila"]
[Result "1-0"]
[ECO "E83"]
[WhiteElo "2407"]
[BlackElo "1996"]
[Annotator "NA"]
[PlyCount "65"]
[EventDate "2018.??.??"]
[EventType "swiss"]
[EventCountry "UAE"]
[SourceTitle "playchess.com"]
[Source "ChessBase"]
[SourceQuality "1"]
[TimeControl "5400+30"]

1. d4 g6 2. c4 Nf6 3. f3 Bg7 4. e4 d6 5. Nc3 O-O 6. Nge2 Nc6 7. Be3 a6 8. Qd2 Bd7 9. Rb1 Rb8 10. b4 b5 11. cxb5 axb5 12. d5 Ne5 13. Nd4 e6 14. Be2 exd5 15. exd5 $16 c6 16. dxc6 Nxc6 17. Ndxb5 Bf5 18. Rb2 Re8 19. O-O d5 20. Rd1 Rb7 21. Nd4 Rxe3 22. Qxe3 Nxd4 23. Rxd4 Re7 24. Qd2 Qb6 25. Na4 Qa7 26. Nc5 Nd7 27. Rxd5 Be6 28. Rd6 Bxb2 29. Qxb2 f6 30. Ra6 Qc7 31. Rxe6 Rxe6 32. Nxe6 Qb6+ 33. Qd4 1-0

[Event "20th Dubai Open 2018"]
[Site "Dubai"]
[Date "2018.04.10"]
[Round "9"]
[White "Rajdeep Sarkar"]
[Black "Bhambure, Shantanu"]
[Result "0-1"]
[ECO "A06"]
[WhiteElo "2393"]
[BlackElo "2155"]
[Annotator "NA"]
[PlyCount "142"]
[EventDate "2018.??.??"]
[EventType "swiss"]
[EventCountry "UAE"]
[SourceTitle "playchess.com"]
[Source "ChessBase"]
[SourceQuality "1"]
[TimeControl "5400+30"]

1. Nf3 d5 2. g3 Nf6 3. Bg2 c5 4. b3 Nc6 5. Bb2 Bg4 6. d3 e6 7. Nbd2 Be7 8. h3 Bh5 9. g4 Bg6 10. Nh4 Qc7 11. e3 O-O 12. O-O Ne8 13. Nxg6 hxg6 14. f4 Bf6 15. c3 g5 16. Qe2 Rd8 17. fxg5 Bxg5 18. Nf3 Be7 19. e4 dxe4 20. Qxe4 Nf6 21. Qe2 Nd5 22. Rfd1 Bf6 23. Qd2 Qg3 24. Qe1 Qxe1+ 25. Nxe1 Bxc3 26. Bxc3 Nxc3 27. Rd2 Nd5 28. Rc1 b6 29. Nc2 Nde7 30. a3 Rd6 31. b4 c4 32. Ne3 b5 33. Rdd1 cxd3 34. Bf1 Rfd8 35. Rc5 a6 36. Kf2 f6 37. Bg2 Ne5 38. Be4 Kf7 39. Ke1 Rd4 40. Bb7 Rh8 41. Bg2 Rhd8 42. Bb7 R8d6 43. Kd2 Rf4 44. Kc3 Rf2 45. g5 Re2 46. gxf6 gxf6 47. Ng4 Nxg4 48. hxg4 d2 49. Kc2 e5 50. Bf3 Rf2 51. Bb7 Re2 52. Bf3 Re3 53. Rc3 Rxc3+ 54. Kxc3 Nd5+ 55. Kxd2 Nxb4+ 56. Ke2 Rxd1 57. Kxd1 Nd3 58. Kd2 Nc5 59. Kc3 Ke6 60. Kb4 Kd6 61. Ka5 e4 62. Be2 Kd5 63. Kb6 Kd4 64. Bf1 e3 65. Be2 Ne4 66. Kxa6 Nc3 67. Bf1 Kc5 68. Kb7 e2 69. Bxe2 Nxe2 70. Kc7 Nd4 71. Kd7 Kd5 0-1

[Event "20th Dubai Open 2018"]
[Site "Dubai"]
[Date "2018.04.10"]
[Round "9"]
[White "Omar, Noaman"]
[Black "Hakobyan, Eduard"]
[Result "0-1"]
[ECO "A61"]
[WhiteElo "2372"]
[BlackElo "2135"]
[Annotator "NA"]
[PlyCount "82"]
[EventDate "2018.??.??"]
[EventType "swiss"]
[EventCountry "UAE"]
[SourceTitle "playchess.com"]
[Source "ChessBase"]
[SourceQuality "1"]
[TimeControl "5400+30"]

1. d4 Nf6 2. c4 c5 3. d5 e6 4. Nf3 d6 5. Nc3 exd5 6. cxd5 g6 7. e4 a6 8. a4 Bg4 9. Be2 Bxf3 10. Bxf3 Bg7 11. O-O O-O 12. Bf4 Qe7 13. Re1 Nbd7 14. Qc2 Rab8 15. a5 b5 16. axb6 Rxb6 17. Ra2 Rfb8 18. Be2 Ne5 19. h3 Nh5 20. Bc1 Qh4 21. Nd1 Nf4 22. Bxf4 Qxf4 23. Rxa6 Nf3+ 24. gxf3 Be5 25. Kf1 Qh2 26. Bc4 Rxb2 27. Nxb2 Rxb2 28. Qxb2 Bxb2 29. Rd1 Bd4 30. Rxd4 cxd4 31. Ke2 Kg7 32. Bd3 h5 33. Ra4 Qxh3 34. Rxd4 Qg2 35. e5 dxe5 36. Ra4 Qg5 37. d6 Qd8 38. Ra6 Qd7 39. Rb6 h4 40. Kf1 h3 41. Kg1 Qd8 0-1

[Event "20th Dubai Open 2018"]
[Site "Dubai"]
[Date "2018.04.10"]
[Round "9"]
[White "Phadke Sohan"]
[Black "Padmini, Rout"]
[Result "1/2-1/2"]
[ECO "A45"]
[WhiteElo "2150"]
[BlackElo "2360"]
[Annotator "NA"]
[PlyCount "61"]
[EventDate "2018.??.??"]
[EventType "swiss"]
[EventCountry "UAE"]
[SourceTitle "playchess.com"]
[Source "ChessBase"]
[SourceQuality "1"]
[TimeControl "5400+30"]

1. d4 Nf6 2. Bf4 e6 3. Nd2 d5 4. e3 c5 5. c3 Nc6 6. Bd3 b6 7. Ngf3 Bb7 8. Ne5 Bd6 9. Bb5 Bxe5 10. dxe5 Nd7 11. Qg4 Kf8 12. Nf3 h5 13. Qg3 h4 14. Qg4 Qc7 15. Nxh4 Ncxe5 16. Qg3 Bc6 17. Bxc6 Qxc6 18. Bxe5 Nxe5 19. Qxe5 Rxh4 20. O-O f6 21. Qg3 Rh6 22. Rad1 Rd8 23. Rd2 Qd6 24. Qxd6+ Rxd6 25. Rfd1 Rc6 26. f4 f5 27. h3 Rc7 28. Kf2 Rf6 29. Kf3 Rff7 30. Kf2 Rf6 31. Kg1 1/2-1/2